AoeStats
← 变强先斩欲

Black Forest

509495940Analyzed
3v3 RM · 4d ago on Sep 27, 2026· 79m 40s· 6 players
Game mode
Random Map
Map size
Normal (6 player)
Population
200
Speed
Normal
Resources
Standard
Victory
Conquest
Starting age
Dark Age
Ending age
Imperial Age
RankedLock teamsTeams togetherTeam positionsShared explorationLock speedFull tech treeHidden civsTurbo modeCheats
Victory
Defeat
🇺🇸 Khmer · United States
980
+16
🇺🇸 Romans · United States
951
+17
🇺🇸 Mongols · United States
908
+18
🇺🇦 Bohemians · Ukraine
977
-17
🇲🇽 Tupi · Mexico
970
-18
🇨🇳 Jurchens · China
954
-16
Namely
0:29 Loom
18:38 Feudal Age
19:29 Double-Bit Axe
24:04 Castle Age
25:10 Bow Saw
30:51 Wheelbarrow
34:05 Hand Cart
33:57 Horse Collar
35:07 Gold Mining
36:42 Heavy Plow
40:14 Imperial Age
37:30 Town Watch
38:21 Forging
38:11 Scale Mail Armor
38:16 Scale Barding Armor
38:02 Fletching
38:12 Padded Archer Armor
41:31 Iron Casting
41:10 Fortified Wall
41:06 Siege Engineers
40:38 Heavy Scorpion
41:34 Town Patrol
42:17 Crop Rotation
42:06 Chain Mail Armor
42:11 Chain Barding Armor
43:47 Conscription
43:44 Husbandry
43:05 Light Cavalry
44:07 Caravan
45:37 Plate Barding Armor
46:03 Blast Furnace
44:58 Bodkin Arrow
45:19 Leather Archer Armor
46:07 Chemistry
45:27 Ballistics
45:16 Double Crossbow
45:31 Bloodlines
45:45 Tusk Swords
45:27 Hussar
45:51 Pikeman
48:08 Elite Battle Elephant
56:44 Coinage
57:02 Halberdier
62:25 Bracer
62:56 Ring Archer Armor
Havoc AD
0:41 Loom
12:08 Feudal Age
16:58 Wheelbarrow
17:30 Double-Bit Axe
18:27 Bloodlines
19:58 Town Watch
20:59 Horse Collar
29:22 Castle Age
34:06 Husbandry
35:10 Gold Mining
35:12 Stone Mining
35:42 Caravan
38:48 Scale Barding Armor
38:55 Forging
40:57 Hand Cart
40:45 Town Patrol
41:20 Town Patrol
47:37 Imperial Age
47:39 Iron Casting
47:24 Chain Barding Armor
48:12 Gold Shaft Mining
48:13 Stone Shaft Mining
47:39 Elite Steppe Lancer
50:01 Blast Furnace
50:47 Conscription
51:34 Bow Saw
54:04 Nomads
56:52 Heavy Plow
57:34 Ballistics
58:15 Chemistry
60:07 Drill
62:15 Heavy Scorpion
62:20 Onager
67:00 Siege Onager
67:39 Fletching
67:50 Padded Archer Armor
67:51 Scale Mail Armor
67:54 Murder Holes
68:10 Masonry
69:33 Chain Mail Armor
69:13 Bodkin Arrow
69:37 Leather Archer Armor
77:02 Fortified Wall
77:21 Bracer
78:02 Plate Mail Armor
nlyon02
0:33 Loom
13:50 Feudal Age
22:10 Bloodlines
28:01 Castle Age
26:43 Double-Bit Axe
26:41 Horse Collar
30:58 Husbandry
31:34 Heavy Plow
31:46 Bow Saw
34:17 Stone Mining
34:17 Gold Mining
40:19 Imperial Age
41:16 Gold Shaft Mining
41:03 Caravan
41:47 Wheelbarrow
40:57 Town Watch
41:12 Heavy Scorpion
43:10 Ballistas
43:42 Crop Rotation
43:35 Hand Cart
43:20 Town Patrol
43:54 Coinage
43:38 Guilds
43:58 Ballistics
45:46 Chemistry
46:19 Siege Engineers
46:06 Guard Tower
47:36 Banking
48:31 Keep
49:11 Murder Holes
59:21 Light Cavalry
59:22 Cavalier
65:37 Scale Barding Armor
65:35 Scale Mail Armor
65:35 Padded Archer Armor
65:26 Fletching
65:46 Forging
Mr.Mictlan.
0:29 Loom
13:37 Feudal Age
16:30 Wheelbarrow
15:43 Horse Collar
15:48 Double-Bit Axe
16:04 Gold Mining
16:08 Stone Mining
24:54 Castle Age
23:06 Forging
22:48 Fletching
23:09 Padded Archer Armor
23:24 Scale Mail Armor
24:47 Arson
24:25 Champi Runner
25:54 Hand Cart
26:19 Heavy Plow
26:58 Iron Casting
26:19 Bodkin Arrow
29:02 Squires
28:23 Champi Warrior
31:17 Bow Saw
32:28 Pikeman
33:27 Leather Archer Armor
33:27 Chain Mail Armor
34:04 Gold Shaft Mining
34:38 Ballistics
38:58 Imperial Age
36:17 Town Watch
36:24 Treadmill Crane
36:57 Caravan
37:29 Caciques
36:50 Elite Skirmisher
36:51 Crossbowman
40:00 Conscription
39:46 Curare
39:01 Elite Blackwood Archer
39:46 Bracer
40:18 Plate Mail Armor
40:51 Two-Man Saw
41:10 Chemistry
40:45 Onager
40:56 Elite Ibirapema Warrior
41:04 Elite Champi Warrior
41:35 Halberdier
42:28 Onager
42:31 Capped Ram
44:40 Siege Ram
47:31 Arbalester
48:31 Town Patrol
48:20 Arrowslits
48:32 Murder Holes
zel
0:30 Loom
16:59 Feudal Age
19:14 Double-Bit Axe
20:01 Horse Collar
25:02 Castle Age
26:34 Heavy Plow
26:49 Bow Saw
34:53 Imperial Age
33:33 Wagenburg Tactics
33:48 Forging
33:39 Scale Mail Armor
34:56 Wheelbarrow
36:03 Chemistry
35:25 Ballistics
36:38 Houfnice
38:49 Siege Engineers
39:20 Hand Cart
38:52 Town Watch
40:35 Two-Man Saw
40:43 Elite Hussite Wagon
41:34 Town Patrol
42:02 Conscription
43:12 Squires
42:34 Pikeman
44:05 Caravan
45:26 Iron Casting
45:06 Chain Mail Armor
45:32 Arrowslits
46:00 Masonry
45:48 Murder Holes
45:38 Halberdier
46:07 Arson
48:09 Blast Furnace
47:40 Plate Mail Armor
67:06 Onager
70:27 Fortified Wall
70:47 Architecture
70:39 Bombard Tower
变强先斩欲
0:34 Loom
15:27 Feudal Age
15:56 Double-Bit Axe
23:58 Castle Age
23:18 Gold Mining
24:58 Pikeman
33:57 Scale Mail Armor
37:55 Imperial Age
35:13 Horse Collar
35:49 Stone Mining
36:13 Bow Saw
37:20 Wheelbarrow
39:35 Hand Cart
40:16 Caravan
41:02 Elite Iron Pagoda
42:18 Conscription
42:16 Heavy Plow
44:17 Two-Man Saw
44:04 Gold Shaft Mining
44:01 Chain Mail Armor
43:57 Forging
43:56 Scale Barding Armor
44:27 Halberdier
45:08 Squires
47:06 Iron Casting
46:52 Chain Barding Armor
47:55 Crop Rotation
48:12 Bloodlines
48:03 Husbandry
48:25 Heavy Rocket Cart
50:02 Coinage
49:42 Guilds
51:30 Plate Barding Armor
51:56 Blast Furnace
55:16 Banking
56:50 Husbandry
58:25 Fortified Wall
57:56 Treadmill Crane
58:39 Ballistics
62:10 Chemistry
67:22 Murder Holes
67:38 Masonry
Connection lost

Rejoining the realm…

Still unreachable

The connection could not be restored.

Session expired

The server has moved on; the page needs a fresh start.